[Event "Titled Tuesday Blitz November 15 Late 2022"]
[White "Kollars, Dmitrij"]
[Black "Baskakov, Egor"]
[WhiteFideId "12909572"]
[BlackFideId "24197866"]
[WhiteElo "2584"]
[BlackElo "2211"]
[Result "1-0"]
[Round "06"]
[TimeControl "180+1"]
[Date "2022.11.15"]
[WhiteClock "0:00:08"]
[BlackClock "0:00:13"]

1. Nf3 Nf6 2. d4 e6 3. c4 d5 4. g3 Ne4 5. Bg2 Be7 6. O-O O-O 7. Nc3 f5 8. Bf4 c6 9. Qc2 g5 10. Bxb8 Rxb8 11. Ne5 Bd7 12. e3 Be8 13. f3 Nxc3 14. bxc3 Bd6 15. f4 Bxe5 16. dxe5 dxc4 17. Rfd1 Qe7 18. Rd6 Bh5 19. Qa4 gxf4 20. exf4 b5 21. Qb4 c5 22. Qxc5 Rfc8 23. Qd4 Bf7 24. Rb1 a5 25. a3 b4 26. axb4 axb4 27. cxb4 c3 28. Rc1 c2 29. Bc6 Be8 30. Rxc2 Bxc6 31. Rcxc6 Rxc6 32. Rxc6 Rxb4 33. Qc3 Rb1+ 34. Kg2 Rb8 35. Rc7 Qe8 36. Qa3 Qb5 37. Qa2 Rb6 38. Qa8+ Rb8 39. Qa2 Rb6 40. Kh3 h6 41. Kh4 Qe8 42. Qa7 Qd8+ 43. Kh3 Qe8 44. Qxb6 Qh5+ 45. Kg2 Qe2+ 46. Qf2 Qe4+ 47. Qf3 1-0


[Site "https://www.chess.com"]

[Event "Titled Tuesday Blitz November 15 Late 2022"]
[White "Kopylov, Alexander A."]
[Black "Svane, Rasmus"]
[WhiteFideId "4164857"]
[BlackFideId "4657101"]
[WhiteElo "2436"]
[BlackElo "2674"]
[Result "1/2-1/2"]
[Round "06"]
[TimeControl "180+1"]
[Date "2022.11.15"]
[WhiteClock "0:00:13"]
[BlackClock "0:00:04"]

1. e4 c6 2. Nc3 d5 3. Qe2 d4 4. Nd1 c5 5. f4 e5 6. fxe5 Nc6 7. Nf3 Qc7 8. d3 Nge7 9. Bf4 Ng6 10. Bg3 Ngxe5 11. Nxe5 Nxe5 12. Qh5 Bd6 13. Be2 O-O 14. O-O Bd7 15. Nf2 Rae8 16. Ng4 Ng6 17. Bxd6 Qxd6 18. Rf2 f6 19. Raf1 b6 20. h4 a5 21. Nh2 Ne5 22. g4 Rf7 23. g5 Ref8 24. gxf6 Rxf6 25. Rxf6 Rxf6 26. Rxf6 Qxf6 27. Qg5 Qxg5+ 28. hxg5 Kf7 29. Bh5+ Ke7 30. Kf2 Be6 31. b3 Nc6 32. a3 Ne5 33. Kg3 a4 34. bxa4 Bd7 35. Kf4 Kd6 36. Nf3 Nxf3 37. Bxf3 Bxa4 38. e5+ Ke6 39. Bg4+ Ke7 40. Bd1 Bd7 41. Ke4 Be6 42. Kf4 Kd7 43. Ke4 Kc6 44. Kf4 Kc7 45. Bf3 Kd7 46. Bd1 Ke7 47. Bf3 Kf7 48. Bh5+ Ke7 49. Bd1 h6 50. gxh6 gxh6 51. Ke4 Bc8 52. Kf4 Bd7 53. Ke4 Be6 54. Kf4 Kf7 55. Bh5+ Kg7 56. Bd1 Kg6 57. Bf3 h5 58. Be4+ Kh6 59. Bf5 Bxf5 60. Kxf5 h4 61. Kf6 h3 62. e6 h2 63. e7 h1=Q 64. e8=Q Qf3+ 65. Ke7 Qe2+ 66. Kd7 Qxc2 67. Qe6+ Kg5 68. Qe5+ Kg4 69. Qe4+ Kg3 70. Kc6 Qb3 71. a4 Kf2 72. a5 bxa5 73. Kxc5 Qb4+ 74. Kd5 a4 75. Qxd4+ Qxd4+ 76. Kxd4 a3 77. Kc3 Ke3 78. Kb3 Kxd3 79. Kxa3 1/2-1/2


[Site "https://www.chess.com"]

[Event "Titled Tuesday Blitz November 15 Late 2022"]
[White "Koutlas, Nikolaos"]
[Black "Rasulov, Vugar"]
[WhiteFideId "25827138"]
[BlackFideId "13402390"]
[WhiteElo "2167"]
[BlackElo "2509"]
[Result "1/2-1/2"]
[Round "06"]
[TimeControl "180+1"]
[Date "2022.11.16"]
[WhiteClock "0:00:03"]
[BlackClock "0:00:13"]

1. e4 e5 2. Nf3 Nc6 3. Bc4 Nf6 4. d3 Bc5 5. O-O O-O 6. c3 d5 7. exd5 Nxd5 8. Re1 Bg4 9. Nbd2 Nb6 10. h3 Nxc4 11. Nxc4 Bxf3 12. Qxf3 Re8 13. b4 Bb6 14. a4 a6 15. Ra2 Qd7 16. Rae2 f6 17. Rd1 Rad8 18. Qg3 Ne7 19. a5 Ba7 20. Re4 Nd5 21. Bd2 c5 22. bxc5 Bxc5 23. Rde1 Bf8 24. Qf3 Ne7 25. d4 Nc6 26. dxe5 Nxe5 27. Nxe5 Qxd2 28. R4e2 Rxe5 29. Rxd2 Rxe1+ 30. Kh2 Rxd2 31. h4 Ree2 32. Qxb7 Rxf2 33. Qxa6 Rxg2+ 34. Kh3 h5 35. Qb5 Rh2+ 36. Kg3 Bd6+ 37. Kf3 Rh3+ 38. Ke4 Rxh4+ 39. Kf5 Kh7 40. Ke6 Be5 41. Kf7 Rh3 42. Qe8 Kh6 43. Qh8+ Kg5 44. Qxg7+ Kf4 45. Qh6+ Kf5 46. Qxd2 Rxc3 47. Qf2+ Kg4 48. a6 Rc7+ 49. Kg6 h4 50. a7 Rxa7 51. Qxa7 h3 52. Qg1+ Bg3 53. Kxf6 h2 54. Qh1 Kf4 55. Qg2 Kg4 56. Ke6 Kf4 57. Kd5 Kf5 58. Kc4 Bf4 59. Kd3 Be5 60. Ke2 Bf4 61. Kf3 Be5 62. Qh1 Kg5 63. Qc1+ Kf5 64. Qc2+ Kg5 65. Kg2 Bf4 66. Qe4 Kg4 67. Qg6+ Kh4 68. Qh7+ Kg5 69. Qh3 Be5 70. Kf3 Kf6 71. Ke4 Bb8 72. Kf3 Be5 73. Qh6+ Kf5 74. Kg2 Ke4 75. Qh5 Bf4 76. Qg6+ Ke3 77. Qh7 Be5 78. Qe7 Ke4 79. Qb7+ Ke3 80. Kh3 Kf2 81. Qe4 Bb8 82. Qf5+ Kg1 83. Qg4+ Kf2 84. Qg2+ Ke3 85. Kg4 Bd6 86. Qf3+ Kd4 87. Kf5 Bc7 88. Qe4+ Kc3 89. Qc6+ Kd2 90. Qg2+ Ke3 91. Ke6 Bf4 92. Kf5 Bc7 93. Qh3+ Kf2 94. Kg4 Be5 95. Qf3+ Ke1 96. Qe3+ Kf1 97. Qc1+ Kg2 98. Qd2+ Kf1 99. Qd1+ Kg2 100. Qf3+ Kg1 101. Qe3+ Kg2 102. Qe2+ Kg1 103. Qe1+ Kg2 1/2-1/2


[Site "https://www.chess.com"]

[Event "Titled Tuesday Blitz November 15 Late 2022"]
[White "Krallis, Christos"]
[Black "Halvax, Georg"]
[WhiteFideId "4298896"]
[BlackFideId "1619543"]
[WhiteElo "2243"]
[BlackElo "2482"]
[Result "1/2-1/2"]
[Round "06"]
[TimeControl "180+1"]
[Date "2022.11.16"]
[WhiteClock "0:00:07"]
[BlackClock "0:00:53"]

1. e4 c5 2. Nf3 Nc6 3. Bb5 g6 4. d3 Bg7 5. O-O Nf6 6. Bxc6 bxc6 7. a4 O-O 8. Na3 Qc7 9. Re1 d6 10. Nc4 Bg4 11. h3 Bxf3 12. Qxf3 Nd7 13. Bf4 e5 14. Bd2 Nb6 15. a5 Nxc4 16. dxc4 f5 17. Bc3 fxe4 18. Qxe4 Rf4 19. Qd3 Qf7 20. Qxd6 Rxf2 21. Qxc6 Rf8 22. Qd5 Rxc2 23. Rf1 Qxd5 24. cxd5 Rxf1+ 25. Rxf1 e4 26. d6 Bxc3 27. bxc3 Rd2 28. Rf6 e3 29. Re6 Rd1+ 30. Kh2 e2 31. Rxe2 Rxd6 32. Re8+ Kf7 33. Rc8 Rd5 34. Rc7+ Kf6 35. Rxh7 c4 36. Rxa7 Rd3 37. Rc7 Rxc3 38. a6 Ra3 39. Rc6+ Kg5 40. Rc5+ Kh6 41. Rc6 Kg5 42. Kg1 Ra2 43. Rc5+ Kh6 44. Rxc4 Rxa6 45. Kf2 Ra3 46. Kg1 Ra2 47. Rc5 Rb2 48. Kh2 Rb3 49. h4 Ra3 50. g3 Ra4 51. Kh3 Rb4 52. Rc8 Kg7 53. Rc7+ Kg8 54. Kg2 Rb3 55. Kh3 Rb4 56. Ra7 Rc4 57. Kg2 Rc3 58. Rd7 Rb3 59. Kf2 Ra3 60. Re7 Rb3 61. Re3 Rb4 62. Kf3 Kg7 63. Re4 Rb5 64. Kg4 Kh6 65. Ra4 Rc5 66. Kf4 Rf5+ 67. Kg4 Rb5 68. Rd4 Ra5 69. Kf4 Rf5+ 70. Ke4 Rf1 71. Rd5 Ra1 72. g4 Rh1 73. h5 gxh5 74. gxh5 Rh4+ 75. Kf3 Rxh5 76. Rxh5+ Kxh5 1/2-1/2


[Site "https://www.chess.com"]

[Event "Titled Tuesday Blitz November 15 Late 2022"]
[White "Krishnan, Varun"]
[Black "Haszon, David"]
[WhiteFideId "5054508"]
[BlackFideId "733610"]
[WhiteElo "2551"]
[BlackElo "2211"]
[Result "1-0"]
[Round "06"]
[TimeControl "180+1"]
[Date "2022.11.16"]
[WhiteClock "0:00:21"]
[BlackClock "0:00:13"]

1. e4 c5 2. Nf3 Nc6 3. d4 cxd4 4. Nxd4 Qb6 5. Nb3 Nf6 6. Bd3 e6 7. O-O a6 8. Be3 Qc7 9. Nc3 b5 10. a3 Bb7 11. f4 d6 12. Qf3 Be7 13. Qh3 Rd8 14. f5 e5 15. Bg5 Na5 16. Nxa5 Qxa5 17. Kh1 h6 18. a4 b4 19. Bxf6 Bxf6 20. Nd5 Bxd5 21. exd5 Ke7 22. b3 Rc8 23. Rae1 Qxd5 24. Re4 Rc3 25. Rxb4 Rhc8 26. Qe3 Kf8 27. Qa7 Kg8 28. Qxa6 Bg5 29. Qb7 Qc5 30. Rc4 Rxc4 31. Bxc4 Rc7 32. Qd5 Qxd5 33. Bxd5 Bd2 34. c4 Bb4 35. g3 Kf8 36. Kg2 Ke7 37. Kf3 Kf6 38. Ke4 Rc5 39. h4 Ke7 40. g4 Kf6 41. Rg1 Rc8 42. g5+ hxg5 43. hxg5+ Ke7 44. Rh1 Bd2 45. Rh7 Rg8 46. f6+ Kf8 47. g6 fxg6 48. Bxg8 Kxg8 49. Rxg7+ 1-0


[Site "https://www.chess.com"]

[Event "Titled Tuesday Blitz November 15 Late 2022"]
[White "Kumala, Aleksander"]
[Black "Leiva, Gianmarco"]
[WhiteFideId "1141880"]
[BlackFideId "3804399"]
[WhiteElo "2269"]
[BlackElo "2286"]
[Result "0-1"]
[Round "06"]
[TimeControl "180+1"]
[Date "2022.11.16"]
[WhiteClock "0:00:48"]
[BlackClock "0:02:46"]

1. d4 Nf6 2. Bg5 d5 3. Bxf6 gxf6 4. e3 c5 5. dxc5 Nc6 6. Bb5 e5 7. c4 dxc4 8. Qc2 Qa5+ 9. Nc3 Bxc5 10. Bxc4 Be6 11. Bxe6 fxe6 12. Ne2 Nb4 13. Qb3 Nd3+ 14. Kd2 O-O-O 15. Qxe6+ Kb8 16. Kc2 Rd6 17. Qc4 Nxf2 18. Rhf1 Bxe3 19. Rxf2 Bxf2 20. Rf1 Bd4 21. Kb1 Rc8 22. Qf7 Bxc3 23. Nxc3 Rxc3 24. bxc3 Qb5+ 25. Kc2 Qd3+ 0-1


[Site "https://www.chess.com"]

[Event "Titled Tuesday Blitz November 15 Late 2022"]
[White "Kuzmicz, Krystian"]
[Black "D`Arruda, Ricardo D."]
[WhiteFideId "1119125"]
[BlackFideId "100692"]
[WhiteElo "2380"]
[BlackElo "2501"]
[Result "1-0"]
[Round "06"]
[TimeControl "180+1"]
[Date "2022.11.16"]
[WhiteClock "0:00:14"]
[BlackClock "0:00:07"]

1. e4 c5 2. d3 e6 3. g3 d5 4. Nd2 Nf6 5. Bg2 dxe4 6. dxe4 Nc6 7. Ngf3 b6 8. O-O Bb7 9. e5 Nd5 10. Qe2 Be7 11. Ne4 O-O 12. Bg5 Bxg5 13. Nexg5 Nd4 14. Nxd4 Qxg5 15. Nf3 Qe7 16. Rfe1 Rfd8 17. a3 Rd7 18. Nd2 Rad8 19. Ne4 Nc7 20. Nd6 Bxg2 21. Kxg2 Ne8 22. Ne4 Rd5 23. f4 f5 24. exf6 Nxf6 25. Nf2 Rd2 26. Qf3 Rxc2 27. Kg1 Rdd2 28. Rf1 Qd6 29. Rae1 Kf7 30. g4 Qd5 31. Qh3 Qd4 32. Re3 Qxf4 33. Rf3 Qg5 34. Qg3 e5 35. h4 Qg6 36. g5 e4 37. Rf4 Kg8 38. Nxe4 Rg2+ 39. Qxg2 Rxg2+ 40. Kxg2 h6 41. Nxf6+ gxf6 42. Rxf6 Qe4+ 43. Kg3 hxg5 44. hxg5 Qe3+ 45. Kg4 Qe4+ 46. R1f4 Qg2+ 47. Kf5 Qd5+ 48. Kg6 Qd3+ 49. R4f5 Qd8 50. Kh6 Qf8+ 51. Rxf8# 1-0


[Site "https://www.chess.com"]

[Event "Titled Tuesday Blitz November 15 Late 2022"]
[White "Li, Xueyi"]
[Black "Guzman, Christopher"]
[WhiteFideId "8605912"]
[BlackFideId "6405096"]
[WhiteElo "2197"]
[BlackElo "2272"]
[Result "1-0"]
[Round "06"]
[TimeControl "180+1"]
[Date "2022.11.16"]
[WhiteClock "0:01:06"]
[BlackClock "0:01:20"]

1. d4 Nf6 2. c4 e6 3. g3 Bb4+ 4. Bd2 Bxd2+ 5. Nxd2 O-O 6. Bg2 d5 7. Ngf3 b6 8. O-O Bb7 9. cxd5 Nxd5 10. e4 Nf6 11. Qc2 Nbd7 12. h4 c5 13. e5 Nd5 14. Ng5 g6 15. Ndf3 cxd4 16. Rfd1 Rc8 17. Qd2 Qc7 18. Qxd4 Rfd8 19. h5 h6 20. hxg6 hxg5 21. gxf7+ Kxf7 22. Nxg5+ Ke7 23. Nxe6 Kxe6 24. Bxd5+ Bxd5 25. Qxd5+ Ke7 26. Qd4 Qxe5 27. Re1 1-0


[Site "https://www.chess.com"]

[Event "Titled Tuesday Blitz November 15 Late 2022"]
[White "Liu, Kelsey"]
[Black "Rodriguez Santiago, Jaime"]
[WhiteFideId "30944481"]
[BlackFideId "3100898"]
[WhiteElo "2280"]
[BlackElo "2025"]
[Result "0-1"]
[Round "06"]
[TimeControl "180+1"]
[Date "2022.11.16"]
[WhiteClock "0:00:01"]
[BlackClock "0:00:02"]

1. e4 c6 2. d4 d5 3. e5 Bf5 4. Nc3 e6 5. g4 Bg6 6. Nge2 h5 7. Nf4 Bh7 8. Nxh5 c5 9. Be3 Nc6 10. f4 Nge7 11. dxc5 d4 12. Nb5 Nc8 13. Bf2 Bxc5 14. Nxg7+ Kf8 15. Nh5 Qa5+ 16. Qd2 Bb4 17. c3 dxc3 18. bxc3 Be7 19. f5 Bxf5 20. gxf5 Rxh5 21. Be2 Rh8 22. f6 Ba3 23. Be3 a6 24. Bh6+ Ke8 25. Rd1 Nxe5 26. Nxa3 Nb6 27. Qd6 Nc6 28. Bc1 Qe5 29. Qxe5 Nxe5 30. c4 Nbd7 31. Nc2 Rh4 32. Bb2 Rc8 33. Bf1 Nxc4 34. Bc3 Nce5 35. Bxe5 Nxe5 36. Bd3 Nd7 0-1


[Site "https://www.chess.com"]

[Event "Titled Tuesday Blitz November 15 Late 2022"]
[White "Makridis, Dimitrios"]
[Black "Chigaev, Maksim"]
[WhiteFideId "25864475"]
[BlackFideId "4108116"]
[WhiteElo "2272"]
[BlackElo "2541"]
[Result "1/2-1/2"]
[Round "06"]
[TimeControl "180+1"]
[Date "2022.11.15"]
[WhiteClock "0:00:07"]
[BlackClock "0:00:07"]

1. e4 c5 2. Nf3 e6 3. d3 Nc6 4. g3 Nf6 5. Bg2 d6 6. O-O Be7 7. c3 O-O 8. Re1 e5 9. h3 h6 10. d4 cxd4 11. cxd4 exd4 12. Nxd4 Nxd4 13. Qxd4 Be6 14. Nc3 Nd7 15. Bf4 Ne5 16. Rad1 Qc7 17. Kh2 a6 18. Rc1 Qb8 19. Nd5 Bxd5 20. Qxd5 b5 21. b3 Bg5 22. Bxg5 hxg5 23. f4 gxf4 24. gxf4 Ng6 25. Rf1 Ra7 26. Rcd1 Rc7 27. f5 Ne5 28. f6 Rc2 29. Rd2 Rfc8 30. fxg7 Kxg7 31. Kh1 R8c5 32. Qd4 Rxd2 33. Qxd2 Qd8 34. Qf4 Qe7 35. Rg1 Ng6 36. Qd2 Qe5 37. Rd1 a5 38. a4 b4 39. Qf2 Rc3 40. Rf1 Rc7 41. Kg1 Qc5 42. Qxc5 dxc5 43. Rf5 f6 44. Bf1 Ne5 45. Kf2 c4 46. Bxc4 Nxc4 47. bxc4 Rxc4 48. Rxa5 Rxe4 49. Rb5 Kg6 50. Kf3 Rh4 51. Kg3 Rc4 52. a5 Rc3+ 53. Kf4 Ra3 54. h4 b3 55. h5+ Kh6 56. Kf5 Kxh5 57. Kxf6+ Kg4 58. Ke6 Kf3 59. Kd6 Ke3 60. Kc6 Kd3 61. Kb6 Kc2 62. a6 b2 63. a7 Rb3 64. a8=Q Rxb5+ 65. Kxb5 b1=Q+ 66. Ka6 Qa2+ 67. Kb7 Qd5+ 68. Kb8 Qxa8+ 69. Kxa8 1/2-1/2


[Site "https://www.chess.com"]

[Event "Titled Tuesday Blitz November 15 Late 2022"]
[White "Maksimovic, Bojan"]
[Black "Terry, Renato"]
[WhiteFideId "14408120"]
[BlackFideId "3803457"]
[WhiteElo "2447"]
[BlackElo "2577"]
[Result "0-1"]
[Round "06"]
[TimeControl "180+1"]
[Date "2022.11.15"]
[WhiteClock "0:00:06"]
[BlackClock "0:00:59"]

1. e4 e6 2. d4 d5 3. Nc3 Nf6 4. Bg5 Bb4 5. e5 h6 6. Bd2 Bxc3 7. bxc3 Ne4 8. Bc1 c5 9. Ne2 cxd4 10. cxd4 Qc7 11. f3 Nc3 12. Qd2 Nxe2 13. Bxe2 b6 14. Bb5+ Bd7 15. Bd3 Bc8 16. Bb5+ Bd7 17. Bd3 Bc8 18. Ba3 Ba6 19. Bd6 Qc6 20. Bxa6 Nxa6 21. O-O Rc8 22. Rfc1 f5 23. c3 Kf7 24. a4 Nc7 25. a5 Nb5 26. Bb4 Rc7 27. axb6 axb6 28. Ra6 Ra8 29. Rxa8 Qxa8 30. h3 Qc6 31. Kh2 Qc4 32. Ra1 Nxc3 33. Bd6 Rc8 34. Ra7+ Kg8 35. Qe1 Nb5 36. Re7 Qc1 37. Qg3 Qg5 38. Rxe6 Nxd4 39. Re7 f4 40. Qxg5 hxg5 41. Kg1 Rc1+ 42. Kf2 Rc2+ 43. Kf1 Nf5 44. Rb7 Ne3+ 45. Kg1 Rc1+ 0-1


[Site "https://www.chess.com"]

[Event "Titled Tuesday Blitz November 15 Late 2022"]
[White "Manukyan, Sargis A."]
[Black "Bordi, Kevin"]
[WhiteFideId "13303970"]
[BlackFideId "621862"]
[WhiteElo "2187"]
[BlackElo "2793"]
[Result "0-1"]
[Round "06"]
[TimeControl "180+1"]
[Date "2022.11.16"]
[WhiteClock "0:00:17"]
[BlackClock "0:01:55"]

1. d4 d5 2. c4 c6 3. Nf3 Nf6 4. e3 Bf5 5. Nc3 e6 6. Nh4 Be4 7. f3 Bg6 8. Qb3 Qb6 9. c5 Qxb3 10. axb3 Bc2 11. b4 g5 12. Kd2 Bb3 13. b5 gxh4 14. Bd3 Be7 15. b6 a6 16. Ra3 Bc4 17. Bc2 Nbd7 18. b3 Bb5 19. Nxb5 cxb5 20. Bd3 Rc8 21. b4 Rg8 22. Rg1 Nxb6 23. cxb6 Bxb4+ 24. Ke2 Rxc1 25. Rxc1 Bxa3 26. Rc8+ Ke7 27. Rc7+ Nd7 28. Rxb7 Rb8 29. Rxb8 Nxb8 30. Bxh7 Bd6 31. f4 Nd7 32. b7 Nf6 33. Bd3 Kd8 34. Kf3 Kc7 35. g4 hxg3 36. Kxg3 Kxb7 37. Kh4 Be7 38. Kg5 Ne4+ 39. Kh6 f5 40. Kg6 Kc6 41. Kf7 Kd7 42. Be2 Bh4 43. Bh5 Nd6+ 44. Kg6 Bf2 45. Be2 Bxe3 46. h4 Bxd4 47. h5 Ke7 48. h6 Nf7 49. Kh7 Nxh6 50. Bh5 Nf7 51. Bg6 Nd6 52. Kg8 Kf6 53. Bxf5 Kxf5 54. Kf8 Bf6 55. Kg8 b4 56. Kh7 b3 57. Kg8 b2 58. Kh7 b1=Q 59. Kg8 Qb8+ 60. Kh7 Qh8# 0-1


[Site "https://www.chess.com"]

[Event "Titled Tuesday Blitz November 15 Late 2022"]
[White "Martinez Alcantara, Jose Eduardo"]
[Black "Hambleton, Aman"]
[WhiteFideId "3805662"]
[BlackFideId "2606577"]
[WhiteElo "2705"]
[BlackElo "2538"]
[Result "1-0"]
[Round "06"]
[TimeControl "180+1"]
[Date "2022.11.15"]
[WhiteClock "0:00:21"]
[BlackClock "0:00:04"]

1. e4 b6 2. d4 Bb7 3. Bd3 e6 4. Nf3 d5 5. e5 Ba6 6. Bxa6 Nxa6 7. O-O Qd7 8. Nc3 c5 9. Ne2 Nb8 10. c3 Nc6 11. Nf4 g6 12. h4 h5 13. Nh3 Nge7 14. Bg5 Nf5 15. Bf6 Bg7 16. Bxg7 Nxg7 17. Qd2 Nf5 18. b4 cxb4 19. cxb4 Qe7 20. b5 Na5 21. g3 Nc4 22. Qe2 O-O-O 23. Nhg5 Kb7 24. a4 Rc8 25. Rfd1 Rc7 26. Ra2 Na5 27. Rd3 Qb4 28. Kg2 Rhc8 29. Qd1 Rc1 30. Qe2 R8c7 31. Rdd2 Nc4 32. Rd3 Qb1 33. a5 Nxa5 34. Rb2 Qa1 35. Ra2 Qb1 36. Rda3 R1c2 37. Rxc2 Qxc2 38. Qxc2 Rxc2 39. Nxf7 Nc4 40. Ra1 Nce3+ 41. Kg1 Ng4 42. Rf1 Kc8 43. N7g5 Kd7 44. Nh3 Rc4 45. Rd1 Rc3 46. Nfg5 Rc4 47. Ra1 Nxd4 48. Rxa7+ Kd8 49. Nf4 Rc1+ 50. Kg2 Rc2 51. Ngxe6+ Nxe6 52. Nxe6+ Kc8 53. Nf4 Nxe5 54. Nxd5 Ng4 55. Nxb6+ Kb8 56. Rf7 Rb2 57. Nd5 Rxb5 58. Nf4 Rb6 59. Rf8+ Kc7 60. Rf7+ Kd8 61. Rg7 Rb2 62. Nh3 Rb6 63. Ra7 Ke8 64. Ra2 Kf8 65. Nf4 Kg7 66. Ra7+ Kg8 67. Ra2 Ne5 68. Re2 Ng4 69. f3 Nh6 70. Rc2 Nf5 71. Kh2 Kf7 72. Rc7+ Kg8 73. Rc2 Nd4 74. Rf2 Kf7 75. Nh3 Rb3 76. Ng5+ Kg7 77. Kg2 Rb7 78. Ra2 Nf5 79. Kh3 Nd4 80. Ra4 Nf5 81. Re4 Re7 82. Rb4 Nh6 83. Rb6 Nf7 84. Ne6+ Kg8 85. Nf4 g5 86. Nxh5 gxh4 87. Kxh4 Re3 88. f4 Re1 89. Kg4 Kh7 90. Rb7 Kg8 91. Nf6+ Kg7 92. Nd5 Kf8 93. Kf3 Rf1+ 94. Kg2 Rd1 95. Ne3 Rd2+ 96. Kf3 Rd3 97. Rb5 Nd6 98. Rd5 Rxd5 99. Nxd5 Kf7 100. Ne3 Nb5 101. Ke4 Nc3+ 102. Ke5 Ne2 103. g4 Ng1 104. f5 Nf3+ 105. Kf4 Nd4 106. g5 Kg7 107. Ng4 Kf7 108. Ne5+ Kg8 109. f6 Ne6+ 110. Kf5 Nd4+ 111. Kg4 Kf8 112. g6 Ne6 113. Kf5 Nd8 114. Ng4 Kg8 115. Nh6+ Kf8 116. g7+ Ke8 117. g8=Q+ Kd7 118. Qd5+ Ke8 119. Qxd8+ Kxd8 120. Kg6 Ke8 121. Kg7 1-0


[Site "https://www.chess.com"]

[Event "Titled Tuesday Blitz November 15 Late 2022"]
[White "Megalios, Konstantinos"]
[Black "Curtis, John"]
[WhiteFideId "4238044"]
[BlackFideId "3200256"]
[WhiteElo "2277"]
[BlackElo "2203"]
[Result "1-0"]
[Round "06"]
[TimeControl "180+1"]
[Date "2022.11.16"]
[WhiteClock "0:00:43"]
[BlackClock "0:00:54"]

1. e4 c5 2. Nf3 d6 3. d4 cxd4 4. Nxd4 Nf6 5. Nc3 e6 6. g4 Nfd7 7. Be3 a6 8. g5 b5 9. h4 g6 10. a3 e5 11. Nb3 Bb7 12. h5 Rg8 13. hxg6 hxg6 14. Qg4 Nc5 15. Nxc5 dxc5 16. Rd1 Qc8 17. Qxc8+ Bxc8 18. Nd5 Nd7 19. Nc7+ Kd8 20. Nxa8 c4 21. Rh7 Bb7 22. Rxf7 Be7 23. Nb6 Bc6 24. Nxd7 Bxd7 25. Bh3 Ke8 26. Rxe7+ Kxe7 27. Rxd7+ Ke8 28. Ra7 Rf8 29. Ra8+ Ke7 30. Rxf8 Kxf8 31. Bc8 c3 32. bxc3 a5 33. Ba6 b4 34. cxb4 axb4 35. axb4 1-0


[Site "https://www.chess.com"]

[Event "Titled Tuesday Blitz November 15 Late 2022"]
[White "Melian, Juan Sebastian"]
[Black "Pino Perez, Lazaro"]
[WhiteFideId "3706575"]
[BlackFideId "3517055"]
[WhiteElo "2044"]
[BlackElo "2170"]
[Result "1/2-1/2"]
[Round "06"]
[TimeControl "180+1"]
[Date "2022.11.16"]
[WhiteClock "0:00:04"]
[BlackClock "0:00:03"]

1. e4 c5 2. Nf3 g6 3. c3 Bg7 4. d4 cxd4 5. cxd4 d5 6. exd5 Nf6 7. Nc3 Nxd5 8. Bc4 Nb6 9. Bb3 Nc6 10. Be3 O-O 11. h3 Na5 12. O-O Bf5 13. Bc2 Bxc2 14. Qxc2 Rc8 15. Rad1 Nd5 16. Qd3 Nc4 17. Nxd5 Qxd5 18. Qe2 e6 19. Rc1 Nxe3 20. fxe3 Qxa2 21. Ra1 Qb3 22. Ra3 Qc2 23. Qb5 a6 24. Qxb7 Rb8 25. Qxa6 Rxb2 26. Nh4 Bf6 27. Rxf6 g5 28. Qa5 gxh4 29. Qg5+ Kh8 30. Rh6 Qf2+ 31. Kh2 Qg3+ 32. Qxg3 hxg3+ 33. Kxg3 Rg8+ 34. Kf4 Rgxg2 35. Ra7 Kg7 36. Rxe6 Rbf2+ 37. Ke4 Rg3 38. Re5 Rxh3 39. d5 Rh4+ 40. Kd3 Rh1 41. Re4 Rd1+ 42. Kc4 Rc2+ 43. Kb3 Rc5 44. Rg4+ Kh6 45. Rxf7 Rb1+ 46. Ka2 Rb6 47. Rff4 Rxd5 48. Rh4+ Kg6 49. Rhg4+ Rg5 50. Rxg5+ Kxg5 51. Ra4 h5 52. Ra8 h4 53. Rg8+ Kh5 54. Rh8+ Kg4 55. e4 h3 56. e5 Re6 57. Rg8+ Kh4 58. Rh8+ Kg4 59. Rg8+ Kf5 60. Rh8 Kg4 1/2-1/2


[Site "https://www.chess.com"]

[Event "Titled Tuesday Blitz November 15 Late 2022"]
[White "Melikhov, Evgeny V."]
[Black "Torres Dominguez, David"]
[WhiteFideId "4122046"]
[BlackFideId "2220857"]
[WhiteElo "2169"]
[BlackElo "2037"]
[Result "1/2-1/2"]
[Round "06"]
[TimeControl "180+1"]
[Date "2022.11.16"]
[WhiteClock "0:00:25"]
[BlackClock "0:00:47"]

1. d4 Nf6 2. c4 e5 3. dxe5 Ng4 4. Bf4 Bb4+ 5. Nd2 Nc6 6. Nf3 Qe7 7. e3 Ncxe5 8. Nxe5 Nxe5 9. Be2 Bd6 10. O-O Ng6 11. Bxd6 Qxd6 12. Nf3 Qxd1 13. Rfxd1 d6 14. Rac1 Bd7 15. c5 dxc5 16. Rxc5 O-O-O 17. Rdc1 c6 18. b4 Kb8 19. a4 h6 20. R5c3 Rhe8 21. Kf1 Be6 22. b5 Bd5 23. bxc6 Bxc6 24. Bb5 Bxb5+ 25. axb5 Rc8 26. Nd4 Rxc3 27. Rxc3 Ne7 28. Ke2 Rc8 29. Rxc8+ Kxc8 30. e4 Kd7 31. Kd3 Kd6 32. Kc4 g6 33. f4 Nc8 34. e5+ Kd7 35. g4 Nb6+ 36. Kc5 Na4+ 37. Kb4 Nb6 38. Kc5 Na4+ 39. Kb4 Nb6 40. Kc5 1/2-1/2


[Site "https://www.chess.com"]

[Event "Titled Tuesday Blitz November 15 Late 2022"]
[White "Mendonca, Mateus Nakajo"]
[Black "Castella Garcia, Fausto"]
[WhiteFideId "2110954"]
[BlackFideId "3501922"]
[WhiteElo "2310"]
[BlackElo "2245"]
[Result "1-0"]
[Round "06"]
[TimeControl "180+1"]
[Date "2022.11.16"]
[WhiteClock "0:00:41"]
[BlackClock "0:00:28"]

1. d4 Nf6 2. Nf3 g6 3. g3 Bg7 4. Bg2 c5 5. O-O cxd4 6. Nxd4 O-O 7. c4 Nc6 8. Nc3 Qa5 9. Nb3 Qh5 10. e4 Qxd1 11. Rxd1 d6 12. c5 dxc5 13. Nxc5 Bg4 14. f3 Bc8 15. Be3 b6 16. Nb3 Ba6 17. a4 Rac8 18. a5 Bc4 19. Nd2 Nxa5 20. b4 Nb3 21. Rxa7 Nxd2 22. Rxd2 Rfd8 23. Rxd8+ Rxd8 24. Bxb6 Rd3 25. Na4 Nd7 26. Bf1 Rd1 27. Rxd7 Rxf1+ 28. Kg2 Bf6 29. Nb2 Be2 30. Rd2 Bb5 31. Nd3 Rb1 32. e5 Bg5 33. f4 Bh6 34. Bc5 f6 35. Bxe7 fxe5 36. Nxe5 Bg7 37. Rd8+ 1-0


[Site "https://www.chess.com"]

[Event "Titled Tuesday Blitz November 15 Late 2022"]
[White "Mikaelyan, Arman"]
[Black "Mr_Penings"]
[WhiteFideId "13304852"]
[WhiteElo "2456"]
[BlackElo "2684"]
[Result "1-0"]
[Round "06"]
[TimeControl "180+1"]
[Date "2022.11.15"]
[WhiteClock "0:00:42"]
[BlackClock "0:00:02"]

1. d4 Nf6 2. Bf4 g6 3. Nc3 d5 4. e3 Bg7 5. h4 h5 6. Be2 a6 7. Nf3 Nbd7 8. Ne5 Nf8 9. Qd2 Ne6 10. Bg3 c5 11. dxc5 Nxc5 12. Bf3 Be6 13. O-O-O Qa5 14. Kb1 Rd8 15. Qd4 Qb6 16. Na4 Nxa4 17. Qxa4+ Kf8 18. Rd3 Kg8 19. Rb3 Qa7 20. Qd4 Qxd4 21. exd4 b5 22. Nc6 Rd7 23. Nb8 Ra7 24. Ra3 Ne4 25. Bxe4 dxe4 26. Nc6 Rd7 27. Rxa6 Kh7 28. c3 Rc8 29. Nb4 Bc4 30. Re1 f5 31. a3 Bb3 32. Bf4 Bf6 33. g3 Kg7 34. Nc6 Bc4 35. Ne5 Bxe5 36. Bxe5+ Kf7 37. Rb6 Bd3+ 38. Kc1 Ra7 39. Kd2 Bc4 40. Ke3 Rd7 41. Kf4 e6 42. Kg5 Bd3 43. Ra1 Ra7 44. Rd6 Bc4 45. Rb6 Bd3 46. d5 Bc4 47. dxe6+ Bxe6 48. Rd1 Re8 49. Rdd6 Ree7 50. Bd4 Rab7 51. Rxe6 1-0


[Site "https://www.chess.com"]

[Event "Titled Tuesday Blitz November 15 Late 2022"]
[White "Mikhalsky, Vladimir"]
[Black "Clawitter, Craig"]
[WhiteFideId "14144352"]
[BlackFideId "2023105"]
[WhiteElo "2271"]
[BlackElo "2235"]
[Result "0-1"]
[Round "06"]
[TimeControl "180+1"]
[Date "2022.11.16"]
[WhiteClock "0:00:08"]
[BlackClock "0:00:16"]

1. e4 e6 2. d4 d5 3. e5 c5 4. Qg4 Nc6 5. Nf3 cxd4 6. Bd3 Qc7 7. Bf4 Nge7 8. O-O Ng6 9. Re1 Nxf4 10. Qxf4 f6 11. Nbd2 Nxe5 12. Nxe5 fxe5 13. Qxe5 Qxe5 14. Rxe5 Bd6 15. Rh5 Kf7 16. Bxh7 Bd7 17. Nf3 g6 18. Rh6 Kg7 19. Rxg6+ Kxh7 20. Rf6 Rhg8 21. Re1 Raf8 22. Rxf8 Bxf8 23. Nxd4 Bg7 24. c3 Bxd4 25. cxd4 Rc8 26. h4 Rc2 27. Re3 Rxb2 28. Ra3 a6 29. g4 e5 30. dxe5 Bxg4 31. Kg2 Be6 32. Kg3 d4 33. Ra4 d3 34. Rd4 d2 35. f4 Bxa2 36. f5 Bb3 37. e6 d1=Q 38. Rxd1 Bxd1 39. f6 Kg6 0-1


[Site "https://www.chess.com"]